 Dungeon Crawl Stone Soup version 0.30-a0-50-gb2d611f6b1 (webtiles) character file.

Game seed: 16553317846870867752

8 BritishOli the Trooper (level 2, 24/24 HPs)
             Began as a Demonspawn Fighter on Sept 5, 2022.
             Got out of the dungeon alive.
             The game lasted 00:00:28 (194 turns).

BritishOli the Trooper (Demonspawn Fighter)          Turns: 194, Time: 00:00:29

Health: 24/24      AC:  6    Str: 16    XL:     2   Next: 0%
Magic:  2/2        EV:  8    Int:  9    God:
Gold:   34         SH:  4    Dex: 12    Spells: 1/1 levels left

rFire   . . .      SeeInvis .    a - +0 long sword
rCold   . . .      Faith    .    c - +0 buckler
rNeg    . . .      Spirit   .    b - +0 scale mail
rPois   .          Reflect  .    (no helmet)
rElec   .          Harm     .    (no cloak)
rCorr   .          Rampage  .    (no gloves)
Will    .....                    (no boots)
Stlth   ..........               (no amulet)
HPRegen 0.08/turn                (no ring)
MPRegen 0.16/turn                (no ring)

@: no status effects
A: magic regeneration
a: no special abilities


You escaped.
You visited 1 branch of the dungeon, and saw 1 of its levels.

You collected 34 gold pieces.

Inventory:

Hand Weapons
 a - a +0 long sword (weapon)
Armour
 b - a +0 scale mail (worn)
 c - a +0 buckler (worn)
Scrolls
 f - a scroll of fear {unknown}
Potions
 d - a potion of might
 e - a potion of degeneration {unknown}


   Skills:
 + Level 3.1 Fighting
 + Level 2.0 Long Blades
 + Level 2.8 Armour
 + Level 2.8 Shields


You had one spell level left.
You didn't know any spells.
Your spell library was empty.

Dungeon Overview and Level Annotations

Branches:
Dungeon (1/15)

Altars:


Innate Abilities, Weirdness & Mutations

You regenerate magic rapidly.


Message History

The rat barely misses you.
There are monsters nearby!
You hit the rat.
You kill the rat!
The endoplasm closely misses you.
An endoplasm is nearby!
You hit the endoplasm.
The endoplasm is severely wounded.
You block the endoplasm's attack.
An endoplasm is nearby!
You slash the endoplasm!
You kill the endoplasm!
Your Long Blades skill increases to level 2!
No target in view!
No target in view!
A rat comes into view.
A rat is nearby!
A rat is nearby!
A rat is nearby!
You block the rat's attack.
A rat is nearby!
You closely miss the rat. The rat bites you but does no damage.
A rat is nearby!
You barely miss the rat. The rat bites you but does no damage.
You barely miss the rat. You block the rat's attack.
The rat closely misses you.
A rat is nearby!
A rat is nearby!
You barely miss the rat. The rat bites you but does no damage.
A rat is nearby!
You hit the rat.
You kill the rat!
You have reached level 2!
Your demonic ancestry asserts itself...
Your magic begins to regenerate rapidly.
You open the door.
There is an open door here.
There is a staircase leading out of the dungeon here.
Are you sure you want to leave the Dungeon?
This will make you lose the game!
You have escaped!

####.# #..## #+#######'#
##..# #.........## #..#
...#####...###..##
#.#.###.#.#.#####>
#.##.#.##.##.## #.
#.###.###.###.###.
##.####.##.#.##.####.##.
+......@..###.........'.
#..####.### ##.####..#†
#.# #.# #.#.#. .##
##.#.##.#. .# #.# #.#.
.# #.# #.## .# #.# #.##
.# #. ..## . ..+.


There were no monsters in sight!

Vanquished Creatures
  A dart slug (D:1)
  An endoplasm (D:1)
  A hobgoblin (D:1)
  A ball python (D:1)
  3 rats (D:1)
7 creatures vanquished.

Notes
Turn   | Place    | Note
-------+----------+-------------------------------------------
     0 | D:1      | BritishOli the Demonspawn Fighter began the quest for the
                  | Orb.
     0 | D:1      | Reached XP level 1. HP: 18/18 MP: 1/1
   176 | D:1      | Gained mutation: You regenerate magic rapidly. [demonic
                  | ancestry]
   176 | D:1      | Reached XP level 2. HP: 24/24 MP: 2/2
   194 | D:$      | Got out of the dungeon alive.

Illustrated notes

Levels and vault maps discovered:
D:1:      roderic_octagonal_star, layout_loops_ring

Skill      XL: |  1 |
---------------+----+-----
Long Blades    | 2 |  2.0
Fighting       | |  3.1
Armour         | |  2.8
Shields        | |  2.8

Action                   || total
-------------------------++-------
Melee: Long sword        ||    19
Armor: Scale mail        ||     8
Dodge: Dodged            ||     6
Block: Buckler           ||     4

Table legend: (Time is in decaauts)
 A = Elapsed time spent in this place.
 B = Non-inter-level travel time spent in this place.
 C = Inter-level travel time spent in this place.
 D = Time resting spent in this place.
 E = Time spent auto-exploring this place.
 F = Levels seen in this place.
 G = Mean time per level.
                   A        B        C        D        E       F      G
               +--------+--------+--------+--------+--------+-----+--------+
         Total |    200 |    183 |     17 |      0 |    139 |   1 |  200.0 |
       Dungeon |    200 |    183 |     17 |      0 |    139 |   1 |  200.0 |
               +--------+--------+--------+--------+--------+-----+--------+

Top non-repeatable levels by time:
     D:1: 200 daAuts
